Nert, chaotic male elven Priest $ ------- * |<....| $ ----------- #......| = |..........###################### ###--+---- |.........| ----- ------------- # |.........| |....######.`.........`| ### $ |.........-######## |...| ## |.....`.....| # |..)..^...| # |%...##### |...-----...|### ----------- ##....| # |...|.{.|...|############ ----- ##-..`|{.{.`..|# ---|----------- $ * |...|.{.|...%# |..%..........| |...-----...|# |.......%>....| $ $ |.....`.....|# |............@| $ $ |`.........`|# |............fa -------------# |.............| $ $ ########### --------------- Nert the Adept Experience level: 6 Strength: 14 Dexterity: 9 Constitution: 13 Intelligence: 11 Wisdom: 20 Charisma: 10 Health: 0(38) Energy: 90(90) Def: 2 Gold: 1089 Moves: 2917 Dungeon seed: 4aNDkD8eWrzS1uE- Game ID: Nert_1614205681 Your Inventory: Coins $ - 1089 gold pieces Weapons a - a blessed +2 mace (weapon in hand) L - a +3 crossbow (alternate weapon; not wielded) M - 4 +0 crossbow bolts (in quiver) Armor e - a burnt +0 robe (being worn) y - a blessed +0 orcish helm (being worn) Comestibles c - 2 cloves of garlic d - a sprig of wolfsbane k - 4 food rations z - a cream pie Spellbooks f - a spellbook of detect unseen g - a spellbook of healing Potions b - 4 potions of holy water m - a potion of booze J - a potion of object detection P - a potion of restore ability Rings Q - a cursed +2 ring of gain strength R - a ring of invisibility V - a ring of teleportation Wands A - a wand of slow monster (0:0) Tools h - a magic marker (0:53) i - a wooden flute j - a lock pick l - a towel p - a blindfold q - a leash C - a magic marker (0:33) I - an oil lamp (0:1333) N - a partly used tallow candle (0:186) S - a wax candle (0:400) Gems r - a worthless piece of blue glass Spells and supernatural/magical abilities: Name Level Category Fail Memory h - healing 1 healing 0% 86% U - detect unseen 3 divination 51% 86% W - pray for help -- divine ? -- X - turn undead -- divine ? -- Your skills at the end: Fighting Skills Weapon Skills mace [Basic] Spellcasting Skills clerical spells [Basic] Final Attributes: You were piously aligned. You were sleep resistant. You had infravision. You are dead. Vanquished creatures: 2 small mimics a leprechaun a dust vortex a water nymph a gnome lord 5 giant ants a little dog a kitten a kobold lord a rabid rat 2 giant bats a monkey a werejackal an iguana an acid blob a large kobold a yellow mold a green mold a gnome 4 garter snakes a gnome zombie a gecko 9 jackals a fox 2 kobolds 2 goblins 3 sewer rats 5 grid bugs a bat 4 lichens 4 newts 62 creatures vanquished. Voluntary challenges: You used a wielded weapon 86 times, starting on turn 20. You read items or engraved 5 times, starting on turn 867. You never genocided any monsters. You never polymorphed an object. You never changed form. You used no wishes. You never split a pudding. You never wrote Elbereth's name. You violated your moral code, losing 1 point of alignment, starting on turn 1120. Dungeon overview: The Dungeons of Doom: levels 1 to 7 Level 1 some fountains a long staircase Level 2 Level 3 a general store, a fountain Level 4 (right stair mines) stairs to The Gnomish Mines Level 5 some fountains Level 6 Level 7 <- You were here many fountains The Gnomish Mines: Level 5 stairs to The Dungeons of Doom History has recorded: On T:1 you entered the Dungeons of Doom to retrieve the Amulet of Yendor! On T:428 you reached level 2 of The Dungeons of Doom. On T:462 you advanced to experience level 2. On T:864 you reached level 3 of The Dungeons of Doom. On T:907 you advanced to experience level 3. On T:938 you advanced to experience level 4. On T:1394 you reached level 4 of The Dungeons of Doom. On T:1725 you reached level 1 of The Gnomish Mines. On T:1757 you reached level 5 of The Dungeons of Doom. On T:2017 you reached level 6 of The Dungeons of Doom. On T:2188 you advanced to experience level 5. On T:2589 you reached level 7 of The Dungeons of Doom. On T:2888 you advanced to experience level 6. Score breakdown: Gold: 1089 (10332 points) Experience: 6 levels (12456 points) Exploration: 7 levels ( 13.21%) (10190 points) Discoveries: 8 items ( 2.80%) ( 5017 points) Valuables value: (no points given unless you survive) Artifact value: 0 ( 0 points) Variety of kills: 31 monsters ( 8.14%) ( 8557 points) Turncount: 2917 turns ( -558 points) Survival: died (score multiplied by 80%) Total score: 36795 Latest messages: The kobold lord hits! You hit the kobold lord! The garter snake bites! You kill the kobold lord! You kill the garter snake! P - a fizzy potion. You see here a kobold lord corpse. You see here a garter snake corpse. Qwerty eats a garter snake corpse. The garter snake just misses! You hit the garter snake. The garter snake bites! You kill the garter snake! You fall into a pit! You see here a garter snake corpse. You are still in a pit. You crawl to the edge of the pit. You see here a moonstone ring. V - a moonstone ring. The soldier ant bites! The soldier ant stings! Qwerty misses the soldier ant. (2x) You miss the soldier ant. The soldier ant bites! You die... Final status: Goodbye Nert the Priest, killed by a soldier ant... You died in The Dungeons of Doom on dungeon level 7 with 36795 points, and 1089 pieces of gold, after 2917 moves. You were level 6 with a maximum of 38 hit points when you died.